 Dungeon Crawl Stone Soup version 0.17-a0-2109-g117576f (webtiles) character file.

33 ololoev the Skirmisher (level 3, 0/29 HPs)
             Began as a Demonspawn Fighter on Oct 19, 2015.
             Succumbed to a water moccasin's poison
             ... on level 4 of the Dungeon.
             The game lasted 00:04:08 (404 turns).

ololoev the Skirmisher (Demonspawn Fighter)          Turns: 404, Time: 00:04:08

Health: 0/29       AC: 11    Str: 17    XL:     3   Next: 12%
Magic:  3/3        EV:  6    Int:  9    God:
Gold:   9          SH:  8    Dex: 11    Spells: 0 memorised, 2 levels left

rFire  . . .     SeeInvis .     a - +0 war axe
rCold  . . .     Clarity  .     d - +1 scale mail
rNeg   . . .     SustAt   .     c - +0 shield
rPois  .         Gourm    .     (no helmet)
rElec  .         Spirit   .     (no cloak)
rCorr  .         Warding  .     (no gloves)
rMut   .         Stasis   .     (no boots)
MR     .....                    (no amulet)
Stlth  ..........               (no ring)
                                (no ring)

@: lethally poisoned (0 -> -9), not resistant to hostile enchantments, extremely
unstealthy
A: rough black scales 1, spiny 1
a: no special abilities


Innate Abilities, Weirdness & Mutations

You are partially covered in rough black scales (AC +4, Dex -1).
You are partially covered in sharp spines.

Inventory:

Hand Weapons
 a - a +0 war axe (weapon)
 b - a +0 blowgun
Missiles
 k - 34 poisoned needles
Armour
 c - a +0 shield (worn)
 d - a +1 scale mail (worn)
Wands
 n - a wand of draining (8)
Scrolls
 l - a scroll of immolation
Potions
 g - a potion of cancellation
 j - a potion of flight
Comestibles
 e - 2 bread rations
 h - 4 fruits
 m - 3 chunks of flesh


   Skills:
 + Level 3.5 Fighting
 * Level 2.4 Axes
 + Level 2.9 Armour
 - Level 2.6 Shields


You had 2 spell levels left.
You didn't know any spells.


You were on level 4 of the Dungeon.
You were not hungry.

You visited 1 branch of the dungeon, and saw 5 of its levels.

You collected 79 gold pieces.
You spent 70 gold pieces at shops.

######### #.
..#
........# #.
... #@# #.
#.# #.# #.
#.# #.# #.
#.# #.# #.
#.## #.#
######.##...
#..
............
######.###
........####
.........#
........#
.........#
.......†####

Notes
Turn   | Place    | Note
--------------------------------------------------------------
     0 | D:1      | ololoev the Demonspawn Fighter began the quest for the Orb.
     0 | D:1      | Reached XP level 1. HP: 18/18 MP: 1/1
   227 | D:3      | Gained mutation: You are partially covered in sharp spines. [demonic ancestry]
   227 | D:3      | Reached XP level 2. HP: 16/24 MP: 2/2
   368 | D:4      | Gained mutation: You are partially covered in rough black scales (AC +4, Dex -1). [demonic ancestry]
   368 | D:4      | Reached XP level 3. HP: 16/29 MP: 3/3
   369 | D:4      | Found Nyeczeoss's Magic Scroll Boutique.
   377 | D:4      | Bought a scroll of random uselessness for 14 gold pieces
   377 | D:4      | Bought a scroll of identify for 28 gold pieces
   377 | D:4      | Bought a scroll of identify for 28 gold pieces
   392 | D:5      | Entered Level 5 of the Dungeon
   394 | D:5      | Found Ithrowomn's Serpentskin Sales.
   394 | D:5      | Noticed a water moccasin
   394 | D:5      | Noticed a water moccasin
   396 | D:5      | Noticed a water moccasin
   403 | D:4      | HP: 1/29 [poisoned by a water moccasin]
   404 | D:4      | Succumbed to a water moccasin's poison

Dungeon Overview and Level Annotations

Branches:
Dungeon (5/15)
 Temple: D:4-7

Altars:

Shops:
D:4 ?   D:5 *


Message History

You climb downwards.
There is a stone staircase leading up here.
As you open the door, it creaks loudly!
An adder and 2 water moccasins come into view.
The water moccasin hisses angrily. x2
You hear an angry hiss.
Found Ithrowomn's Serpentskin Sales.
An adder comes into view.
A water moccasin comes into view.
There is a stone staircase leading up here.
You climb upwards.
There is a stone staircase leading down here.
You closely miss the water moccasin. The water moccasin bites you!
You are lethally poisoned!
The water moccasin poisons you!
The water moccasin bites you but does no damage.
You miss the water moccasin.
You feel sick.
The water moccasin is struck by your spines.
The water moccasin bites you but does no damage.
You block the water moccasin's attack.
Drink which item? (? for menu, Esc to quit)
Okay, then.
Read which item? (? for menu, Esc to quit)
As you read the scroll labeled VEYCSU GIEM, it crumbles to dust.
You feel strangely unstable.
It was a scroll of teleportation.
You feel sick. The water moccasin bites you.
You block the water moccasin's attack.
Read which item? (? for menu, Esc to quit)
As you read the scroll labeled OMMITEVUGU, it crumbles to dust.
The creatures around you are filled with an inner flame!
It was a scroll of immolation.
You feel sick.
The water moccasin is struck by your spines.
The water moccasin bites you.
Read which item? (? for menu, Esc to quit)
As you read the scroll labeled YNAR HIRCHA, it crumbles to dust.
It is a scroll of enchant armour.
Enchant which item? (? for menu, Esc to quit)
Your +0 scale mail glows green for a moment.
Your surroundings suddenly seem different.
You feel sick.
You die...

There were no monsters in sight!

Vanquished Creatures
  2 adders
  A giant gecko (D:4)
  A ball python (D:4)
  2 giant cockroaches (D:2)
  A quokka (D:2)
  A bat (D:2)
  A giant newt (D:1)
  3 goblins
  2 kobolds
  A rat (D:3)
15 creatures vanquished.

Action                   || total
-------------------------++-------
Melee: War axe           ||    41
 Fire: Blowgun           ||     6
  Use: Potion            ||     1
       Scroll            ||     5

Vault maps used:
D:1:      scummos_arrival_hexagon, minmay_quantized
D:2:      nicolae_ru_great_annihilating_truth, uniq_jessica, uniq_iyjb,
          uniq_crazy_yiuf_cottage
D:3:      kennysheep_generic_room_9, uniq_natasha
D:4:      minitemple, first_bread, serial_shops, shop, minivault_5
D:5:      minmay_temple_entry_purple_smoke, hangedman_decor_clover_reticule,
          guppyfry_shop_venom
